 Dungeon Crawl Stone Soup version 0.21-a0-515-g8d4ebbe (webtiles) character file.

4526 BingusPrime the Carver (level 10, -6/80 HPs)
             Began as a Barachi Fighter on Dec 2, 2017.
             Was a Priest of Cheibriados.
             Mangled by a death yak (13 damage)
             ... on level 8 of the Dungeon.
             The game lasted 00:40:53 (9414 turns).

BingusPrime the Carver (Barachi Fighter)            Turns: 9414, Time: 00:40:53

Health: -6/80      AC: 14    Str: 30    XL:     10   Next: 39%
Magic:  8/10       EV: 12    Int: 17    God:    Cheibriados [***...]
Gold:   346        SH: 12    Dex: 20    Spells: 9/9 levels left

rFire    . . .     SeeInvis .   A - +2 falchion (elec)
rCold    . . .     Gourm    .   c - +0 shield
rNeg     . . .     Faith    .   D - +4 ring mail
rPois    .         Spirit   .   (no helmet)
rElec    .         Reflect  .   I - +2 cloak
rCorr    .         Harm     .   (no gloves)
MR       ++...                  (no boots)
Stlth    +.........             (no amulet)
HPRegen  0.23/turn              p - ring of protection from magic
MPRegen  0.12/turn              s - ring of protection from magic

@: mighty, can't hop, very slow
A: +LOS, swims, slowness 1, strong legs 1
a: Hop, Bend Time, Temporal Distortion, Renounce Religion


You were on level 8 of the Dungeon.
You worshipped Cheibriados.
Cheibriados was most pleased with you.
You were hungry.

You visited 2 branches of the dungeon, and saw 9 of its levels.

You collected 346 gold pieces.

Inventory:

Hand Weapons
 a - a +0 long sword
 d - a +0 scythe of pain
 A - a +2 falchion of electrocution (weapon)
 C - a +0 shortbow
 K - a +1 shortbow of velocity
Missiles
 k - 91 stones
 G - 92 arrows
 T - 5 tomahawks (quivered)
Armour
 b - a +0 scale mail
 c - a +0 shield (worn)
 t - a +1 robe of cold resistance
 D - a +4 ring mail (worn)
 I - a +2 cloak (worn)
 Q - a +0 leather armour of fire resistance
Jewellery
 p - a ring of protection from magic (left hand)
 s - a ring of protection from magic (right hand)
Wands
 v - a wand of polymorph (15)
 H - a wand of acid (4)
 L - a wand of random effects (28)
 M - a wand of disintegration (18)
 O - a wand of paralysis (5)
Scrolls
 m - a scroll of immolation
 n - a scroll of blinking {unknown}
 q - 2 scrolls of enchant weapon {unknown}
 w - 2 scrolls of remove curse {unknown}
 y - 2 scrolls of teleportation {unknown}
 P - a scroll of vulnerability {unknown}
 S - a scroll of amnesia {unknown}
Potions
 e - a potion of might
 g - a potion of agility
 h - a potion of brilliance
 l - a potion of mutation
 u - 2 potions of resistance
 x - a potion of degeneration {unknown}
 B - a potion of magic {unknown}
 E - 2 potions of cancellation {unknown}
 F - 2 potions of ambrosia
 J - a potion of curing
 N - a potion of haste {unknown}
Comestibles
 f - 6 bread rations
 i - 2 meat rations
 j - 7 fruits
 z - a royal jelly


   Skills:
 * Level 8.3 Fighting
 * Level 11.3 Long Blades
 + Level 4.0 Throwing
 + Level 7.8 Armour
 + Level 4.0 Dodging
 + Level 1.4 Stealth
 + Level 6.4 Shields


You had 9 spell levels left.
You didn't know any spells.

Dungeon Overview and Level Annotations

Branches:
Dungeon (8/15)             Temple (1/1) D:6
   Lair: D:8-11

Altars:
Ashenzari
Cheibriados
Dithmenos
Elyvilon
Fedhas
Gozag
Hepliaklqana
Kikubaaqudgha
Makhleb
Nemelex Xobeh
Okawaru
Qazlal
Ru
Sif Muna
Trog
Uskayaw
Vehumet
Wu Jian
Xom
Yredelemnul
Zin
The Shining One

Shops:
D:6 ?%*%%


Innate Abilities, Weirdness & Mutations

Shadows flee at your approach. (+LOS)
You can swim through water.
You cover ground slowly.
You can hop short distances.


Message History

You barely miss the death yak. The death yak barely misses you.
You riposte.
You barely miss the death yak. The death yak gores you!
* * * LOW HITPOINT WARNING * * *
You feel much better. The death yak gores you!!
* * * LOW HITPOINT WARNING * * *
The death yak gores you!
* * * LOW HITPOINT WARNING * * *
You block the death yak's attack.
Okay, then.
Okay, then.
You don't know any spells.
You slash the death yak!
Lightning courses through the death yak!
The death yak is moderately wounded.
The death yak gores you but does no damage.
You slash the death yak!
Lightning courses through the death yak!
The death yak is severely wounded.
The death yak gores you!
You die...

......................#
......................#
..........).##........
.............#......#
.....................#
......................##
..............J.<.......#
.............Y...#......#
.............Y@..#......######
.............Y...#...........#
...............................#
..............#................#
...).............#.............#
.................#......(......#
.................##...#........#
...............................#
$..>...........................#


You could see 3 death yaks and a jelly.

Vanquished Creatures
  Pikel (D:6)
  The ghost of BingusPrime the Spear-Bearer, a novice MfGl (D:4)
  Grinder (D:3)
  Sigmund (D:3)
  Menkaure (D:5)
  2 porcupines (D:8)
  3 slaves (D:6)
  An ice beast (D:5)
  3 phantoms
  4 orc warriors
  4 centaurs
  A bullfrog (D:8)
  A wyvern zombie (D:6)
  2 scorpions (D:4)
  6 killer bees (D:7)
  6 crimson imps
  A bullfrog zombie (D:6)
  2 jellies
  5 hounds
  A bullfrog skeleton (D:7)
  10 orc priests
  10 orc wizards
  Jessica (D:2)
  Natasha (thrice) (D:3)
  A hell rat (D:8)
  5 worker ants
  A worker ant zombie (D:8)
  5 gnolls
  12 adders
  3 river rats (D:5)
  3 shadow imps
  An ooze (D:2)
  An adder skeleton (D:8)
  An adder zombie (D:7)
  3 worms
  2 dart slugs (D:1)
  2 leopard geckos
  28 orcs
  3 giant cockroaches
  8 hobgoblins
  4 quokkas
  A ball python (D:2)
  7 bats
  4 frilled lizards
  11 goblins
  9 kobolds
  2 quokka skeletons
  13 rats
201 creatures vanquished.

Vanquished Creatures (others)
  A human (D:6)
  A crimson imp (D:6)
  A dart slug (D:1)
3 creatures vanquished.

Grand Total: 204 creatures vanquished

Notes
Turn   | Place    | Note
-------+----------+-------------------------------------------
     0 | D:1      | BingusPrime the Barachi Fighter began the quest for the Orb.
     0 | D:1      | Reached XP level 1. HP: 18/18 MP: 1/1
   164 | D:1      | Reached XP level 2. HP: 25/25 MP: 2/2
   451 | D:1      | Reached skill level 3 in Long Blades
   453 | D:1      | Reached XP level 3. HP: 30/30 MP: 3/3
  1017 | D:2      | Noticed Jessica
  1029 | D:2      | Killed Jessica
  1029 | D:2      | Reached XP level 4. HP: 25/38 MP: 4/4
  1160 | D:2      | Reached skill level 4 in Long Blades
  1615 | D:2      | Reached skill level 1 in Dodging
  2108 | D:3      | Reached XP level 5. HP: 43/43 MP: 5/5
  2362 | D:3      | Noticed Grinder
  2365 | D:3      | Noticed Sigmund
  2735 | D:3      | Killed Grinder
  2735 | D:3      | Reached skill level 5 in Fighting
  2735 | D:3      | Reached skill level 5 in Long Blades
  2735 | D:3      | Reached XP level 6. HP: 10/51 MP: 6/6
  2997 | D:3      | Killed Sigmund
  2997 | D:3      | Reached skill level 6 in Long Blades
  2997 | D:3      | Reached XP level 7. HP: 54/56 MP: 7/7
  3232 | D:3      | Reached skill level 5 in Armour
  3361 | D:3      | Noticed Natasha
  3365 | D:3      | Killed Natasha
  3545 | D:3      | Noticed Natasha
  3549 | D:3      | Killed Natasha
  3790 | D:3      | Noticed Natasha
  3796 | D:3      | Killed Natasha
  3918 | D:4      | Noticed BingusPrime's ghost (novice MfGl)
  3930 | D:4      | Killed BingusPrime's ghost
  3930 | D:4      | Reached skill level 7 in Long Blades
  3930 | D:4      | Reached XP level 8. HP: 13/64 MP: 8/8
  3943 | D:5      | Entered Level 5 of the Dungeon
  4421 | D:4      | Reached skill level 1 in Throwing
  4421 | D:4      | Reached skill level 5 in Shields
  4569 | D:4      | Reached skill level 8 in Long Blades
  5484 | D:5      | Reached XP level 9. HP: 72/72 MP: 9/9
  5488 | D:5      | Noticed Menkaure
  5496 | D:5      | Killed Menkaure
  5496 | D:5      | Reached skill level 1 in Stealth
  6055 | D:5      | Reached skill level 9 in Long Blades
  6135 | D:5      | Found a burning altar of Makhleb.
  6355 | D:6      | Found Paom Epu's Assorted Antiques.
  6455 | D:6      | Found Gypig's Food Emporium.
  6551 | D:6      | Found an ancient bone altar of Kikubaaqudgha.
  6606 | D:6      | Found Dyifu's Magic Scroll Boutique.
  6688 | D:6      | Found a staircase to the Ecumenical Temple.
  6698 | Temple   | Entered the Ecumenical Temple
  6902 | Temple   | Became a worshipper of Cheibriados the Contemplative
  7046 | D:6      | Noticed Pikel
  7068 | D:6      | Killed Pikel
  7305 | D:6      | Found Fubun's Food Emporium.
  7377 | D:6      | Reached skill level 10 in Long Blades
  7533 | D:6      | Found Cedug's Food Emporium.
  7558 | D:6      | You fall through a shaft!
  7642 | D:7      | Found a radiant altar of Vehumet.
  7682 | D:7      | Reached * piety under Cheibriados
  8086 | D:7      | Reached XP level 10. HP: 74/80 MP: 10/10
  8231 | D:7      | Reached skill level 11 in Long Blades
  8253 | D:7      | Reached ** piety under Cheibriados
  8892 | D:8      | Noticed a death yak
  9025 | D:8      | Reached *** piety under Cheibriados
  9400 | D:8      | Noticed a death yak
  9401 | D:8      | Noticed a death yak
  9414 | D:8      | Mangled by a death yak

Vault maps used:
D:1:      saegor_arrival_simple_f, lemuel_flame_loot_1
D:2:      first_bread, uniq_jessica
D:3:      uniq_sigmund, uniq_natasha, uniq_grinder
D:5:      lightli_sewer_entry_pipes, basic_altar, uniq_menkaure
D:6:      temple_hall, serial_shops, nicolae_shop_waterfront, shop,
          nicolae_shop_trees, nicolae_shop_statue_plus,
          nicolae_shop_statue_plus, tgw_kikubaaqudgha, uniq_pikel
D:7:      kennysheep_little_box
D:8:      dpeg_lair_monsters
Temple:   nicolae_temple_the_god_donut

Skill      XL: |  1  2  3  4  5  6  7  8  9 10 |
---------------+-------------------------------+-----
Armour         | 4 5 6 7 |  7.8
Long Blades    | 3 4 5 6 7 8 10 11 | 11.3
Fighting       | 4 5 6 7 8 |  8.3
Dodging        | 1 2 3 4 |  4.0
Shields        | 4 5 6 |  6.4
Throwing       | 2 3 4 |  4.0
Stealth        | 1 |  1.4

Action                   |  1- 3 |  4- 6 |  7- 9 | 10-12 || total
-------------------------+-------+-------+-------+-------++-------
Melee: Long sword        |    84 |   151 |    34 |       ||   269
       Falchion          |       |       |   282 |   137 ||   419
Throw: Stone             |       |    13 |    42 |    36 ||    91
       Tomahawk          |       |       |    53 |    22 ||    75
Invok: Bend Time         |       |       |       |     1 ||     1
 Abil: Hop               |       |     3 |     2 |     2 ||     7
  Use: Scroll            |     3 |     1 |    10 |       ||    14
       Potion            |       |     2 |     2 |     4 ||     8
  Eat: Chunk             |     1 |     6 |    15 |     2 ||    24
       Royal jelly       |       |       |     1 |       ||     1
       Fruit             |       |       |     2 |       ||     2
Armor: Scale mail        |    25 |    74 |    24 |       ||   123
       Ring mail         |       |       |    75 |    24 ||    99
       Skin              |       |       |     4 |    43 ||    47
Dodge: Dodged            |    25 |    35 |    62 |    27 ||   149
Block: Shield            |    39 |    72 |   109 |    81 ||   301
       Rpst.: Long sword |     7 |    14 |       |       ||    21
       Falchion          |       |       |    22 |     8 ||    30

Table legend:
 A = Spawn XP
 B = Non-spawn XP
 C = Spawn XP percentage of total XP
 D = Spawn monster count
 E = Non-spawn monster count
 F = Spawn count percentage of total count
 G = Total turns spent on level
                    A         B        C        D         E        F      G
               +---------+---------+-------+---------+---------+-------+---------
         Total |       0 |    6467 |   0.0 |       0 |     198 |   0.0 |  9414
               +---------+---------+-------+---------+---------+-------+---------
           D:1 |       0 |      55 |   0.0 |       0 |      24 |   0.0 |   986
           D:2 |       0 |     108 |   0.0 |       0 |      28 |   0.0 |  1190
           D:3 |       0 |     855 |   0.0 |       0 |      28 |   0.0 |  1448
           D:4 |       0 |     966 |   0.0 |       0 |      14 |   0.0 |  1561
           D:5 |       0 |     771 |   0.0 |       0 |      22 |   0.0 |  1169
           D:6 |       0 |    1450 |   0.0 |       0 |      21 |   0.0 |   990
           D:7 |       0 |    1171 |   0.0 |       0 |      38 |   0.0 |  1261
           D:8 |       0 |    1091 |   0.0 |       0 |      23 |   0.0 |   595
               +---------+---------+-------+---------+---------+-------+---------
